 Dungeon Crawl Stone Soup version 0.25-a0-731-g0472a16d6a (webtiles) character file.

Game seed: 12186607703806510594, levelgen mode: deterministic

81 kae the Insei (level 4, 0/35 HPs)
             Began as a Draconian Transmuter on Apr 8, 2020.
             Succumbed to a worker ant's poison
             ... on level 2 of the Dungeon.
             The game lasted 00:02:21 (1431 turns).

kae the Insei (Draconian Transmuter)                Turns: 1431, Time: 00:02:21

Health: 0/35       AC:  5    Str: 12    XL:     4   Next: 19%
Magic:  7/7        EV: 12    Int: 13    God:
Gold:   42         SH:  0    Dex: 13    Spells: 2/8 levels left

rFire    . . .     SeeInvis .   i - +4 whip
rCold    . . .     Gourm    .   (no shield)
rNeg     . . .     Faith    .   (armour unavailable)
rPois    .         Spirit   .   (helmet restricted)
rElec    .         Reflect  .   (no cloak)
rCorr    .         Harm     .   (no gloves)
MR       .....                  (no boots)
Stlth    +.........             (no amulet)
HPRegen  0.11/turn              (no ring)
MPRegen  0.10/turn              (no ring)

@: lethally poisoned (0 -> -4), very slightly contaminated, invisible (expiring)
A: unfitting armour, cold-blooded, AC +5
a: no special abilities


You were on level 2 of the Dungeon.
You were not hungry.

You visited 1 branch of the dungeon, and saw 2 of its levels.

You collected 42 gold pieces.

Inventory:

Hand Weapons
 b - a +0 mace
 i - a +4 whip (weapon)
Missiles
 a - 63 arrows
Scrolls
 d - 2 scrolls of fog
 g - a scroll of identify
Comestibles
 c - 6 rations
 j - a chunk of flesh


   Skills:
 - Level 1.1 Fighting
 - Level 1.7 Dodging
 * Level 4.2 Unarmed Combat
 + Level 2.6 Spellcasting
 + Level 2.8 Transmutations


You had 2 spell levels left.
You knew the following spells:

 Your Spells              Type           Power        Failure   Level  Hunger
a - Beastly Appendage     Tmut           #.....       8%          1    #......
b - Sticks to Snakes      Tmut           #.......     12%         2    ###....
c - Spider Form           Tmut/Pois      #.........   38%         3    ###....

Your spell library contained the following spells:

 Spells                   Type           Power        Failure   Level  Hunger
 Ice Form                 Ice/Tmut       #.......     80%         4    #####..
 Blade Hands              Tmut           #.........   91%         5    ######.


Dungeon Overview and Level Annotations

Branches:
Dungeon (2/15)

Altars:
Cheibriados


Innate Abilities, Weirdness & Mutations

Your plain brown scales are hard. (AC +5)
You cannot fit into any form of body armour.
You are cold-blooded and may be slowed by cold attacks.


Message History

* * * LOW HITPOINT WARNING * * *
You feel sick.
As you read the scroll labeled FUMOECH ZOPO, it crumbles to dust.
It is a scroll of enchant armour.
You aren't carrying any armour which can be enchanted further.
As you read the scroll labeled DAHOAD SYTICW, it crumbles to dust.
Your +4 whip glows shimmering chartreuse for a moment.
It was a scroll of random uselessness.
* * * LOW HITPOINT WARNING * * *
You feel sick.
As you read the scroll labeled UBBIGA XOSIEJU, it crumbles to dust.
It is a scroll of identify.
You don't have any unidentified items.
You aren't carrying any potions.
You see here a bat corpse.
Your talons disappear.
* * * LOW HITPOINT WARNING * * *
You feel sick.
You flicker for a moment.
You die...

.............##......##
......$ #........#
..#....## ###.#.....>#
......§§###§..#......#
...#..§§§§§§######.#.#
#...§§§§#### .#.#
#.###.§§..## .# #
#.....§....###
...###†..#.@..# #
#####.##..# #.# .# ...
# ###. #.


There were no monsters in sight!

Vanquished Creatures
  A worker ant (D:2)
  An adder (D:2)
  A dart slug (D:1)
  3 leopard geckos
  4 bats
  3 giant cockroaches
  6 hobgoblins
  5 kobolds (D:1)
  2 frilled lizards
  7 goblins (D:1)
  11 rats
44 creatures vanquished.

Notes
Turn   | Place    | Note
-------+----------+-------------------------------------------
     0 | D:1      | kae the Draconian Transmuter began the quest for the Orb.
     0 | D:1      | Reached XP level 1. HP: 16/16 MP: 3/3
    56 | D:1      | Reached XP level 2. HP: 5/23 MP: 5/5
   382 | D:1      | Found a snail-covered altar of Cheibriados.
   746 | D:1      | Reached XP level 3. HP: 21/28 MP: 6/6
   750 | D:1      | Learned a level 2 spell: Sticks to Snakes
   754 | D:1      | Learned a level 3 spell: Spider Form
  1406 | D:2      | Reached skill level 4 in Unarmed Combat
  1413 | D:2      | Reached XP level 4. HP: 13/35 MP: 5/7
  1426 | D:2      | HP: 1/35 [poisoned by a worker ant]
  1431 | D:2      | Succumbed to a worker ant's poison

Levels and vault maps discovered:
D:1:      minmay_arrival_semitransparent, layout_loops_ring, cheibriados_altar_1
D:2:      layout_rooms, chequers_ecumenical_altar_grove

Skill      XL: |  1  2  3 |
---------------+----------+-----
Unarmed Combat | 4 |  4.2
Fighting       | |  1.1
Dodging        | |  1.7
Spellcasting   | |  2.6
Transmutations | |  2.8

Action                   |  1- 3 |  4- 6 || total
-------------------------+-------+-------++-------
Melee: Mace              |    93 |       ||    93
       Tailslap          |    11 |     1 ||    12
       Kick              |     6 |       ||     6
       Whip              |    25 |     6 ||    31
 Cast: Beastly Appendage |    19 |       ||    19
  Use: Scroll            |       |     4 ||     4
       Potion            |       |     1 ||     1
  Eat: Chunk             |     2 |       ||     2
Armor: Skin              |    43 |     3 ||    46
Dodge: Dodged            |    81 |     6 ||    87

Table legend:
 A = Non-vault XP
 B = Vault XP
 C = Vault XP percentage of total XP
 D = Non-vault monster count
 E = Vault monster count
 F = Vault count percentage of total count
                 A         B        C        D         E       F
            +---------+---------+-------+---------+---------+-------
      Total |     116 |       0 |   0.0 |      44 |       0 |   0.0
            +---------+---------+-------+---------+---------+-------
        D:1 |      56 |       0 |   0.0 |      35 |       0 |   0.0
        D:2 |      60 |       0 |   0.0 |       9 |       0 |   0.0
            +---------+---------+-------+---------+---------+-------
